 Dungeon Sprint DCSS version 0.16-a0-3761-g2321f2b (console) character file.

6054 Monkaria the Brawler (level 10, -10/116 (118) HPs)
             Began as a Troll Fighter on Jan 24, 2015.
             Was a High Priest of Cheibriados.
             Mangled by a lorocyproca (15 damage)
             ... in the Dungeon (Sprint I: "Red Sonja").
             The game lasted 00:07:34 (1278 turns).

Monkaria the Brawler (Troll Fighter)                Turns: 1278, Time: 00:07:34

HP:   -10/116 (118) AC:  6    Str: 41    XL:     10   Next: 57%
MP:   0/4           EV:  9    Int: 16    God:    Cheibriados [*****.]
Gold: 33            SH: 16    Dex: 29    Spells: 0 memorised, 9 levels left

rFire  . . .     SeeInvis .       - Unarmed
rCold  . . .     Clarity  .     b - +0 robe
rNeg   + . .     SustAb   .     c - +0 shield
rPois  .         Gourm    +     (helmet restricted)
rElec  .         Spirit   .     (no cloak)
rCorr  +         Warding  .     (gloves unavailable)
rMut   .         NoTele   +     (boots unavailable)
MR     .....                    v - amulet "Ginnithi" {rCorr Dex+6}
Stlth  +++.......               (no ring)
                                m - ring of positive energy

@: very slow, not resistant to hostile enchantments, fairly stealthy
A: unfitting armour, claws 3, rugged brown scales 1, thin skeletal structure 1,
fast metabolism 3, gourmand, mutation resistance 1, regeneration 2, shaggy fur
1, tough skin 2
a: Bend Time, Temporal Distortion, Slouch, Step From Time, Renounce Religion


You were in the Dungeon.
You worshipped Cheibriados.
Cheibriados was extremely pleased with you.
You were not hungry.

You visited 1 branch You collected 789 gold pieces.
You spent 756 gold pieces at shops.

Inventory:

Hand weapons
 o - the +6 great mace "Xaod" {freeze, rPois+ Stlth+}
   (You found it in the Dungeon)

   It has been specially enchanted to freeze those struck by it, causing extra
   injury to most foes and up to half again as much damage against particularly
   susceptible opponents.
   It can also slow down cold-blooded creatures.
   It protects you from poison.
   It makes you more stealthy.
Armour
 b - a +0 robe (worn)
 c - a +0 shield (worn)
Jewellery
 m - a ring of positive energy (left claw)
 s - an uncursed amulet of faith
 v - the amulet "Ginnithi" (around neck) {rCorr Dex+6}
   (You bought it in a shop in the Dungeon)

   [amulet of resist corrosion]

   It protects you from acid and corrosion.
   It affects your dexterity (+6).
Scrolls
 q - a scroll of recharging {unknown}
 t - a scroll of amnesia {unknown}
 u - a scroll of remove curse {unknown}
Potions
 d - 3 potions of curing
 e - 2 potions of might
 f - 3 potions of heal wounds
 g - a potion of haste
 h - 2 potions of magic
 i - a potion of berserk rage
 j - a potion of lignification {unknown}
 l - a potion of restore abilities
 n - 2 potions of ambrosia {unknown}
 p - a potion of resistance {unknown}
 r - a potion of brilliance
Miscellaneous
 k - a lamp of fire
Comestibles
 a - a meat ration


   Skills:
 - Level 12.2 Fighting
 - Level 2.4 Armour
 + Level 0.0 Dodging
 - Level 11.4 Shields
 - Level 15.8 Unarmed Combat


You had 9 spell levels left.
You didn't know any spells.

Dungeon Overview and Level Annotations

Branches:
Dungeon (1/1)

Altars:
Cheibriados
Dithmenos
Elyvilon
Fedhas
Gozag
Kikubaaqudgha
Makhleb
Nemelex Xobeh
Okawaru
Qazlal
Ru
Sif Muna
Trog
Vehumet
Xom
Yredelemnul
Zin
The Shining One
Jiyva

Shops:
D !=%[***%[%[*([%

Annotations:
D Sonja


Innate Abilities, Weirdness & Mutations

You are too large for most types of armour.
You have claws for hands.
Your metabolism is lightning-fast.
You like to eat raw meat.
You heal very quickly.
You are covered in fur (AC +1).
You have very tough skin (AC +2).
You are partially covered in rugged brown scales (AC +1, +3% HP).
You have a somewhat thin skeletal structure (Dex +2, Stealth).
You are somewhat resistant to further mutation.


Message History

Found 81 gold pieces.
A lindwurm comes into view.
The demonic crawler closely misses you. You block the demonic crawler's attack.
The demonic crawler hits you! Something hits you but does no damage.
You block the demonic crawler's attack.
The demonic crawler completely misses you.
The demonic crawler barely misses you. Something hits you!
You feel your power leaking away. The demonic crawler hits you.
You block the demonic crawler's attack. The demonic crawler hits you.
You see here a leather armour.
Something hits you.
There is an open door here.
You eviscerate something!!! Something hits you!!
You claw something! You claw something! Something hits you!!
* * * LOW HITPOINT WARNING * * *
You miss something. Something hits you!
You die...

##########################
#<.#..').#..'..#__#..'...#
#..').#..').#..'..'..#.)s#
#..#####'#####@#__####...s.s#
#..####..#...#[####§)#####s.+
#..#__####..##s#§≈§.§#..# +##
#..#_..__##'#.k'§§§)§§..#
#⌠⌠#_.∩...'..._#≈≈≈§§#..#
####_..._##_.#'##'#####'###
#_____###'#(#..§.# #.'.#
####### #.####+### ###)# $.$
#§#


You could see a demonic crawler and a lindwurm.

Vanquished Creatures
  2 centaur warriors (D)
  2 unseen horrors (D)
  An oklob plant (D)
  2 gargoyles (D)
  2 kobold demonologists (D)
  A demonic crawler (D)
  A slime creature (D)
  A yak (D)
  4 trapdoor spiders (D)
  7 necrophages (D)
  A wasp (D)
  An ogre (D)
  Sigmund (D)
  8 jellies (D)
  Ijyb (D)
  A white imp (D)
  2 giant eyeballs (D)
  An ufetubus (D)
39 creatures vanquished.

Vanquished Creatures (others)
  4 wasps (D)
4 creatures vanquished.

Grand Total: 43 creatures vanquished

Notes
Turn   | Place    | Note
--------------------------------------------------------------
     0 | D        | Monkaria, the Troll Fighter, began the quest for the Orb.
     0 | D        | Reached XP level 1. HP: 22/22 MP: 1/1
     2 | D        | Noticed Ijyb
    25 | D        | Killed Ijyb
    25 | D        | Reached skill level 5 in Unarmed Combat
    25 | D        | Reached XP level 2. HP: 23/29 MP: 1/1
    37 | D        | Noticed an ogre
    42 | D        | Killed an ogre
    42 | D        | Reached skill level 9 in Unarmed Combat
    42 | D        | Reached XP level 3. HP: 21/36 MP: 2/2
    42 | D        | Reached XP level 4. HP: 25/44 MP: 2/2
    77 | D        | Noticed Sigmund
    83 | D        | Killed Sigmund
    83 | D        | Reached skill level 5 in Fighting
    83 | D        | Reached XP level 5. HP: 33/58 MP: 2/2
   154 | D        | Found a snail-covered altar of Cheibriados.
   154 | D        | Found a viscous altar of Jiyva.
   154 | D        | Found a shadowy altar of Dithmenos.
   154 | D        | Found a blossoming altar of Fedhas.
   154 | D        | Noticed a slime creature
   161 | D        | Killed a slime creature
   161 | D        | Reached skill level 12 in Unarmed Combat
   161 | D        | Reached XP level 6. HP: 21/66 MP: 3/3
   242 | D        | Became a worshipper of Cheibriados the Contemplative
   245 | D        | Found a deep blue altar of Sif Muna.
   245 | D        | Noticed a jelly
   247 | D        | Found a radiant altar of Vehumet.
   250 | D        | Killed a jelly
   270 | D        | Found Koifig's Distillery.
   270 | D        | Found a white marble altar of Elyvilon.
   270 | D        | Found a stormy altar of Qazlal.
   270 | D        | Found a basalt altar of Yredelemnul.
   270 | D        | Found an iron altar of Okawaru.
   270 | D        | Found a sparkling altar of Nemelex Xobeh.
   270 | D        | Found a shimmering altar of Xom.
   270 | D        | Found an ancient bone altar of Kikubaaqudgha.
   270 | D        | Noticed a yak
   275 | D        | Killed a yak
   275 | D        | Reached skill level 13 in Unarmed Combat
   275 | D        | Reached XP level 7. HP: 60/72 MP: 3/3
   276 | D        | Found a burning altar of Makhleb.
   276 | D        | Found a sacrificial altar of Ru.
   276 | D        | Found a glowing golden altar of the Shining One.
   276 | D        | Found an opulent altar of Gozag.
   276 | D        | Found a glowing silver altar of Zin.
   281 | D        | Found a bloodstained altar of Trog.
   288 | D        | Bought a potion of mutation for 25 gold pieces
   288 | D        | Bought a potion of might for 40 gold pieces
   288 | D        | Bought a potion of curing for 30 gold pieces
   288 | D        | Bought a potion of heal wounds for 50 gold pieces
   288 | D        | Bought a potion of curing for 30 gold pieces
   288 | D        | Bought a potion of restore abilities for 50 gold pieces
   288 | D        | Gained mutation: You are partially covered in rugged brown scales (AC +1, +3% HP). [potion of mutation]
   288 | D        | Gained mutation: You are somewhat resistant to further mutation. [potion of mutation]
   288 | D        | Gained mutation: You have a somewhat thin skeletal structure (Dex +2, Stealth). [potion of mutation]
   294 | D        | Noticed Sonja
   300 | D        | Noticed a centaur warrior
   329 | D        | Noticed a kobold demonologist
   330 | D        | Noticed a kobold demonologist
   334 | D        | Paralysed by a giant eyeball for 2 turns
   339 | D        | Killed a kobold demonologist
   339 | D        | Reached skill level 14 in Unarmed Combat
   347 | D        | Killed a kobold demonologist
   347 | D        | Reached skill level 15 in Unarmed Combat
   347 | D        | Reached XP level 8. HP: 34/83 MP: 3/3
   473 | D        | Noticed a demonic crawler
   473 | D        | Noticed a demonic crawler
   473 | D        | Noticed a demonic crawler
   473 | D        | Noticed a demonic crawler
   489 | D        | Noticed a centaur warrior
   499 | D        | Killed a centaur warrior
   505 | D        | Killed a centaur warrior
   505 | D        | Reached skill level 10 in Shields
   505 | D        | Reached XP level 9. HP: 14/90 MP: 4/4
   624 | D        | Noticed a wasp
   627 | D        | Killed a wasp
   627 | D        | Acquired Cheibriados' first power
   637 | D        | Noticed an oklob plant
   642 | D        | Killed an oklob plant
   681 | D        | Noticed a trapdoor spider
   685 | D        | Noticed a trapdoor spider
   685 | D        | Noticed a trapdoor spider
   687 | D        | Killed a trapdoor spider
   691 | D        | Killed a trapdoor spider
   691 | D        | Acquired Cheibriados' second power
   697 | D        | Killed a trapdoor spider
   797 | D        | Killed a wasp
   801 | D        | Noticed a gargoyle
   809 | D        | Killed an unseen horror
   809 | D        | Acquired Cheibriados' third power
   814 | D        | Killed a gargoyle
   814 | D        | Reached XP level 10. HP: 36/110 MP: 4/4
   838 | D        | Killed a wasp
   914 | D        | Killed a wasp
   926 | D        | Noticed a gargoyle
   931 | D        | Killed a gargoyle
   975 | D        | Killed an unseen horror
   975 | D        | Reached skill level 10 in Fighting
   976 | D        | Noticed a jelly
   976 | D        | Noticed a jelly
   978 | D        | Noticed a jelly
   978 | D        | Noticed a necrophage
   983 | D        | Killed a jelly
   984 | D        | Noticed a trapdoor spider
   985 | D        | Killed a necrophage
   989 | D        | Killed a trapdoor spider
  1055 | D        | Noticed a jelly
  1056 | D        | Noticed a jelly
  1059 | D        | Killed a jelly
  1060 | D        | Killed a jelly
  1061 | D        | Killed a jelly
  1067 | D        | Noticed a jelly
  1067 | D        | Noticed a necrophage
  1068 | D        | Noticed a jelly
  1077 | D        | Killed a jelly
  1082 | D        | Killed a necrophage
  1085 | D        | Killed a jelly
  1087 | D        | Killed a jelly
  1096 | D        | Noticed a necrophage
  1096 | D        | Noticed a necrophage
  1096 | D        | Noticed a necrophage
  1096 | D        | Paralysed by a giant eyeball for 4 turns
  1099 | D        | Noticed a necrophage
  1115 | D        | Killed a necrophage
  1116 | D        | Killed a necrophage
  1125 | D        | Killed a necrophage
  1135 | D        | Killed a necrophage
  1140 | D        | Noticed a necrophage
  1141 | D        | Found Thribaage's Weapon Boutique.
  1141 | D        | Found Wirarin's Armour Emporium.
  1142 | D        | Found Vaups' Food Emporium.
  1145 | D        | Killed a necrophage
  1164 | D        | Found Pan Alut's Food Shoppe.
  1164 | D        | Found Dowkun's Jewellery Shop.
  1164 | D        | Found Kigiohi's Armour Boutique.
  1167 | D        | Got an encrusted great mace
  1171 | D        | Found Klevva's General Store.
  1171 | D        | Found Meit's General Store.
  1171 | D        | Found Quzut's Assorted Antiques.
  1171 | D        | Found Cuatraa's Food Boutique.
  1171 | D        | Found Vetebab's Armour Emporium.
  1171 | D        | Found Ceupse's Food Shop.
  1171 | D        | Found Cleimel's Armour Shoppe.
  1171 | D        | Found Afiuloma's Assorted Antiques.
  1174 | D        | Bought a potion of heal wounds for 55 gold pieces
  1174 | D        | Bought a scroll of identify for 22 gold pieces
  1176 | D        | Bought a potion of mutation for 72 gold pieces
  1176 | D        | Bought an emerald potion for 26 gold pieces
  1176 | D        | Bought a dented fluorescent amulet for 145 gold pieces
  1176 | D        | Bought a scroll labeled SMYKYO NOD STUKI for 29 gold pieces
  1176 | D        | Bought a scroll labeled STIMER IMAD for 29 gold pieces
  1180 | D        | Killed a wasp
  1183 | D        | Bought a viscous golden potion for 23 gold pieces
  1183 | D        | Bought a brightly glowing emerald amulet for 130 gold pieces
  1202 | D        | Identified the +6 great mace "Xaod" {freeze, rPois+ Stlth+} (You found it in the Dungeon)
  1209 | D        | Identified the amulet "Ginnithi" {rCorr Dex+6} (You bought it in a shop in the Dungeon)
  1232 | D        | Killed a demonic crawler
  1271 | D        | Noticed a lindwurm
  1277 | D        | HP: 4/116 [something (34)]
  1278 | D        | Mangled by a lorocyproca

Action                   |  1- 3 |  4- 6 |  7- 9 | 10-12 || total
-------------------------+-------+-------+-------+-------++-------
Melee: Unarmed           |    28 |    19 |    50 |    58 ||   155
  Use: Potion            |       |       |     1 |     3 ||     4
       Scroll            |       |       |     1 |     1 ||     2
 Stab: Sleeping          |       |       |     1 |       ||     1
       Distracted        |       |       |       |     1 ||     1
  Eat: Chunk             |       |       |     1 |       ||     1
       Meat ration       |       |       |     1 |       ||     1
